 Dungeon Crawl Stone Soup version 0.18-a0-1078-gebb93d0 (webtiles) character file.

753 ater218 the Covert (level 7, -12/52 HPs)
             Began as a Vampire Assassin on Jan 14, 2016.
             Was an Initiate of Dithmenos.
             Killed from afar by an orc wizard (15 damage)
             ... with a puff of flame
             ... on level 5 of the Dungeon.
             The game lasted 00:44:38 (10865 turns).

ater218 the Covert (Vampire Assassin)              Turns: 10865, Time: 00:44:39

Health: -12/52     AC:  5    Str: 10    XL:     7   Next: 49%
Magic:  7/7        EV: 14    Int: 14    God:    Dithmenos [......]
Gold:   268        SH:  0    Dex: 15    Spells: 0 memorised, 6 levels left

rFire  x . .     SeeInvis +     a - +2 dagger
rCold  + + +     Gourm    .     c - +2 robe
rNeg   + + +     Faith    .     (no shield)
rPois  ∞         Spirit   .     (no helmet)
rElec  .         Dismiss  .     d - +0 cloak
rCorr  .         Reflect  .     (no gloves)
SustAt .         Harm     .     (no boots)
MR     .....                    (no amulet)
Stlth  ++++++....               (no ring)
                                h - ring of ice

@: bloodless, non-regenerating, not resistant to hostile enchantments, very
stealthy
A: fangs 3, see invisible, berserk 1, clumsy 1, sense surroundings 1,
unbreathing
a: Bat Form, Renounce Religion


You were on level 5 of the Dungeon.
You worshipped Dithmenos.
Dithmenos was noncommittal.
You were bloodless.

You visited 2 branches of the dungeon, and saw 7 of its levels.

You collected 268 gold pieces.

Inventory:

Hand Weapons
 a - a +2 dagger (weapon)
 o - a +0 blowgun
Missiles
 e - 18 poisoned needles
 f - 2 curare-tipped needles
Armour
 c - a +2 robe (worn)
 d - a +0 cloak (worn)
Jewellery
 h - a ring of ice (left hand)
Scrolls
 g - 4 scrolls of recharging
 j - 2 scrolls of remove curse
 k - 3 scrolls of identify
Books
 p - a Necronomicon

   Spells                             Type                      Level
   a - Haunt                          Necromancy/Summoning         7
   b - Borgnjor's Revivification      Necromancy                   8
   c - Death's Door                   Charms/Necromancy            8
   d - Necromutation                  Transmutation/Necromancy     8


   Skills:
 + Level 3.2 Fighting
 * Level 4.3 Short Blades
 - Level 1.5 Throwing
 + Level 4.0 Dodging
 * Level 10.7 Stealth


You had 6 spell levels left.
You didn't know any spells.

Dungeon Overview and Level Annotations

Branches:
Dungeon (6/15)             Temple (1/1) D:4

Altars:
Ashenzari
Cheibriados
Dithmenos
Elyvilon
Fedhas
Gozag
Kikubaaqudgha
Makhleb
Nemelex Xobeh
Okawaru
Pakellas
Qazlal
Ru
Sif Muna
Trog
Vehumet
Xom
Zin
Jiyva


Innate Abilities, Weirdness & Mutations

You do not heal naturally.
You are immune to poison.
You have razor-sharp teeth.
You have supernaturally acute eyesight.
You can survive without breathing.
You tend to lose your temper in combat.
You are clumsy. (Dex -2)
You passively map a small area around you.


Message History

The orc wizard casts a spell.
The orc wizard blinks!
The orc misses you.
The orc wizard gestures at you while chanting.
The magic dart hits you!
* * * LOW HITPOINT WARNING * * *
You hit the orc.
You kill the orc!
Dithmenos accepts your kill. The orc wizard closely misses you.
The gnoll hits you from afar with an enchanted spear.
* * * LOW HITPOINT WARNING * * *
Unknown command.
A gnoll comes into view.
The orc wizard hits you but does no damage.
A gnoll comes into view. It is wielding a club.
Things that are here:
a short sword; an orc corpse The orc wizard points at you and mumbles some strange words.
The puff of flame hits you! The fire burns you terribly!
You die...

##.#..##.#
#.#....#.########.
##.#..##.# #.#....#.#
, ##.#..##.#
#.#....#.# ,
##.#..##.# #.##g#.#.#
##.#..##.# #..g...#.#
*
...#..##.#######g###.#
* ####......o...)o.#
#.# * #.###.######).#
#.. * #............@#
** #####.#######.# #.#
#.# #.#######<#
#.........#
#.#######.# ### ###


You could see an orc wizard (invisible) and 3 gnolls.

Vanquished Creatures
  A sky beast (D:5)
  A scorpion (D:4)
  A crimson imp (D:6)
  A jelly (D:5)
  2 hounds (D:5)
  2 iguanas (D:6)
  Natasha (D:2)
  An orc wizard (D:5)
  5 worker ants
  A hound zombie (D:5)
  A hound skeleton (D:3)
  A mummy (D:4)
  4 gnolls (D:6)
  8 adders
  A shadow imp (D:6)
  2 oozes
  An adder skeleton (D:5)
  A worm (D:2)
  5 giant geckos
  8 orcs
  A ball python (D:6)
  9 bats
  2 giant cockroaches
  10 goblins
  5 hobgoblins
  A quokka (D:4)
  8 giant newts
  2 hobgoblin zombies (D:4)
  9 kobolds
  A kobold zombie (D:4)
  An orc zombie (D:4)
  13 rats
110 creatures vanquished.

Notes
Turn   | Place    | Note
--------------------------------------------------------------
     0 | D:1      | ater218 the Vampire Assassin began the quest for the Orb.
     0 | D:1      | Reached XP level 1. HP: 16/16 MP: 1/1
    65 | D:1      | Reached skill level 6 in Stealth
   388 | D:1      | Reached XP level 2. HP: 22/22 MP: 2/2
   932 | D:2      | Reached skill level 7 in Stealth
   989 | D:2      | Found a sparkling altar of Nemelex Xobeh.
  1148 | D:2      | Found a blossoming altar of Fedhas.
  1151 | D:2      | Found a shattered altar of Ashenzari.
  1161 | D:2      | Noticed Natasha
  1178 | D:2      | Killed Natasha
  1178 | D:2      | Reached XP level 3. HP: 11/27 MP: 3/3
  1589 | D:2      | Found an iron altar of Okawaru.
  1591 | D:2      | Found an oddly glowing altar of Pakellas.
  1809 | D:2      | Reached XP level 4. HP: 33/33 MP: 4/4
  1933 | D:2      | Reached skill level 8 in Stealth
  3181 | D:3      | Found a deep blue altar of Sif Muna.
  3279 | D:3      | You fall through a shaft for 3 floors!
  3279 | D:6      | Found a shadowy altar of Dithmenos.
  3330 | D:5      | Entered Level 5 of the Dungeon
  3410 | D:5      | Noticed a sky beast
  3429 | D:4      | Found a staircase to the Ecumenical Temple.
  3435 | Temple   | Entered the Ecumenical Temple
  4490 | D:3      | Found a glowing silver altar of Zin.
  4582 | D:3      | Reached XP level 5. HP: 32/38 MP: 5/5
  5040 | D:3      | Found a stormy altar of Qazlal.
  5044 | D:3      | Noticed a water elemental
  5048 | D:3      | Noticed a fire elemental
  5049 | D:3      | Noticed an air elemental
  5319 | D:3      | Reached skill level 9 in Stealth
  5727 | D:4      | Found a snail-covered altar of Cheibriados.
  5766 | D:4      | Reached XP level 6. HP: 9/46 MP: 6/6
  7063 | D:5      | Reached skill level 10 in Stealth
  7603 | D:5      | Killed a sky beast
  7603 | D:5      | Reached XP level 7. HP: 16/52 MP: 7/7
  8087 | D:5      | Gained mutation: You are clumsy. (Dex -2) [potion of mutation]
  8087 | D:5      | Gained mutation: You passively map a small area around you. [potion of mutation]
  8087 | D:5      | Gained mutation: You tend to lose your temper in combat. [potion of mutation]
  8205 | D:5      | Noticed a moth of wrath
  8208 | D:5      | Found a bloodstained altar of Trog.
  9420 | D:6      | Became a worshipper of Dithmenos the Shadowed
 10865 | D:5      | Killed from afar by an orc wizard

Vault maps used:
D:1:      onia_arrival_mini_maze
D:2:      nicolae_overflow_hidden_temple, old_standard_altar, uniq_natasha
D:3:      overflow_temple_1_default, nicolae_overflow_crystal_walls,
          nicolae_qazlal_style_of_elements
D:4:      cheibriados_altar_1, temple_fountains, minmay_door_square,
          minmay_mini_ossuary
D:5:      tgw_trog, first_bread
D:6:      marbit_many_paths, serial_shops, kennysheep_mini_moat,
          nicolae_dithmenos_through_a_glass_darkly, uniq_prince_ribbit1
Temple:   pf_slimified_temple

Action                   |  1- 3 |  4- 6 |  7- 9 || total
-------------------------+-------+-------+-------++-------
Melee: Dagger            |    76 |   259 |   147 ||   482
 Fire: Blowgun           |       |    10 |     5 ||    15
 Abil: End Transformatio |       |     5 |     4 ||     9
       Bat Form          |       |     5 |     4 ||     9
  Use: Potion            |     1 |    12 |     5 ||    18
       Scroll            |     3 |     4 |     2 ||     9
 Stab: Sleeping          |    15 |    14 |     2 ||    31
       Distracted        |     1 |     2 |       ||     3
  Eat: Corpse            |       |     1 |     2 ||     3
